 Dungeon Crawl Stone Soup version 0.30-a0-996-ga6910c8ee8 (webtiles) character file.

Game seed: 3676464138832238195

15 vishdafish the Conjurer (level 2, 19/19 HPs)
             Began as a Demonspawn Conjurer on Apr 4, 2023.
             Quit the game on level 1 of the Dungeon.
             The game lasted 00:00:20 (238 turns).

vishdafish the Conjurer (Demonspawn Conjurer)        Turns: 238, Time: 00:00:21

Health: 19/19      AC:  2    Str:  7    XL:     2   Next: 34%
Magic:  5/5        EV: 12    Int: 19    God:
Gold:   22         SH:  0    Dex: 11    Spells: 4/5 levels left

rFire   . . .      SeeInvis .    e - +0 spear
rCold   . . .      Faith    .    (no shield)
rNeg    . . .      Spirit   .    a - +0 robe
rPois   .          Reflect  .    (no helmet)
rElec   .          Rampage  .    (no cloak)
rCorr   .                        (no gloves)
Will    .....                    (no boots)
Stlth   ++                       (no amulet)
HPRegen 0.23/turn                (no ring)
MPRegen 0.09/turn                (no ring)

@: no status effects
A: ignite blood 1
a: no special abilities


You were on level 1 of the Dungeon.
You visited 1 branch of the dungeon, and saw 1 of its levels.

You collected 22 gold pieces.

Inventory:

Hand Weapons
 e - a +0 spear (weapon)
Armour
 a - a +0 robe (worn)
Scrolls
 c - a scroll of amnesia {unknown}
 f - a scroll of fear {unknown}
Potions
 d - a potion of flight {unknown}
 g - a potion of degeneration {unknown}


   Skills:
 - Level 1.7 Dodging
 - Level 1.7 Stealth
 + Level 2.4 Spellcasting
 + Level 4.3 Conjurations


You had 4 spell levels left.
You knew the following spells:

 Your Spells              Type           Power      Damage    Failure   Level
a - Magic Dart            Conj           72%        1d6       2%          1

Your spell library contained the following spells:

 Spells                   Type           Power      Damage    Failure   Level
 Searing Ray              Conj           36%        2d5       4%          2
 Dazzling Flash           Conj/Hex       20%        N/A       21%         3
 Fulminant Prism          Conj/Hex       5%         3d6       54%         4
 Iskenderun's Mystic Bla  Conj/Tloc      10%        2d4       54%         4


Dungeon Overview and Level Annotations

Branches:
Dungeon (1/15)

Altars:


Innate Abilities, Weirdness & Mutations

Your demonic aura sometimes causes spilled blood to erupt in flames.


Message History

You now have 22 gold pieces (gained 8).
f - a scroll labelled ACLAYT WAOZUME
Found a dagger.
g - a fuming emerald potion You see here a +0 dagger.
A giant cockroach comes into view.
A giant cockroach is nearby!
A giant cockroach is nearby!
The magic dart hits the giant cockroach.
The giant cockroach is moderately wounded.
The magic dart hits the giant cockroach but does no damage.
The giant cockroach is moderately wounded.
The magic dart hits the giant cockroach.
You kill the giant cockroach!
You are out of magic!
A gnoll comes into view. It is wielding a +0 flail.
A gnoll is nearby!
A gnoll is nearby!
The magic dart hits the gnoll.
The gnoll is moderately wounded.
The gnoll shouts!
The magic dart hits the gnoll.
The gnoll is moderately wounded.
The magic dart hits the gnoll.
The gnoll is severely wounded.
The gnoll hits you with a +0 flail. Magic courses through your body.
The gnoll closely misses you.
Aiming: Magic Dart (safe; 3% risk of failure)
Press: ? - help, Q - select action Shift-Dir - straight line, f/p - gnoll
Aim: a gnoll, wielding a +0 flail (severely wounded, 100% to hit)
The magic dart hits the gnoll.
You kill the gnoll!
You have reached level 2!
Your demonic ancestry asserts itself...
Your blood heats up.
Unknown command.
Found a stone staircase leading down.
Are you sure you want to abandon this character and quit the game? (Confirm with "yes".)
Okay, then.
Are you sure you want to abandon this character and quit the game? (Confirm with "yes".)

......#.# #...#
#..####.# #...# #..#
#.# #...# #..# ##.#####
...# #..###......# ...
#.......###.# #.# #
..)###.####.####)##.#.#
#### #.##.............#
#.##.#.####@...###
#.##.#.#>........#
#......#.####.##.#
#.###### .# .. #.. .. #
##.# ## .# .# .#


There were no monsters in sight!

Vanquished Creatures
  A gnoll (D:1)
  A ball python (D:1)
  A giant cockroach (D:1)
  2 hobgoblins (D:1)
5 creatures vanquished.

Notes
Turn   | Place    | Note
-------+----------+-------------------------------------------
     0 | D:1      | vishdafish the Demonspawn Conjurer began the quest for the
                  | Orb.
     0 | D:1      | Reached XP level 1. HP: 13/13 MP: 3/3
   213 | D:1      | Gained mutation: Your demonic aura sometimes causes spilled
                  | blood to erupt in flames. [demonic ancestry]
   213 | D:1      | Reached XP level 2. HP: 13/19 MP: 3/5
   238 | D:1      | Quit the game

Illustrated notes

Levels and vault maps discovered:
D:1:      zaba_arrival_water, layout_loops_cross, ebering_ecumenical_altar_box

Action                     || total
---------------------------++-------
  Melee: Spear             ||     2
   Cast: Magic Dart        ||    12
    Use: Potion            ||     1
  Dodge: Dodged            ||     1

Table legend: (Time is in decaauts)
 A = Elapsed time spent in this place.
 B = Non-inter-level travel time spent in this place.
 C = Inter-level travel time spent in this place.
 D = Time resting spent in this place.
 E = Time spent auto-exploring this place.
 F = Levels seen in this place.
 G = Mean time per level.
                   A        B        C        D        E       F      G
               +--------+--------+--------+--------+--------+-----+--------+
         Total |    244 |    244 |      0 |      0 |    206 |   1 |  244.0 |
       Dungeon |    244 |    244 |      0 |      0 |    206 |   1 |  244.0 |
               +--------+--------+--------+--------+--------+-----+--------+

Top non-repeatable levels by time:
     D:1: 244 daAuts
